Map: Mist Opportunities

Players

Yuriprime

  • Race: Zerg Zerg
  • Spawn Location: 6:00

LilArrin

  • Race: Terran Terran
  • Spawn Location: 5:00

VOD

Have the link to the VOD?

Description

Time

  • Played on: Oct. 2, 2017, 1:58 a.m.
  • Length: 30:08
Show
View Real Time Build Order
Export as new Build Order

Yuriprime Zerg 

Build Orders:  

Get SALT Encoding   

  12  0:04  Drone  
  13  0:18  Overlord  
  13  0:24  Drone  
  14  0:44  Drone  
  14  0:45  Drone x2  
  17  1:02  Roach Warren  
  17  1:05  Drone  
  17  1:07  Extractor  
  16  1:48  Drone  
  16  1:49  Drone x5  
  22  1:54  Extractor  
  22  1:55  Drone  
  22  1:57  Overlord  
  22  2:23  Overlord  
  22  2:25  Roach  
  24  2:30  Roach  
  24  2:35  Roach  
  28  3:11  Lair  
  28  3:13  Drone x2  
  28  3:14  Drone x3  
  33  3:34  Roach  
  33  3:56  Brutalisk  
  33  4:07  Overlord  
  33  4:08  Overlord x2  
  33  4:19  Spire  
  32  5:20  Roach  
  32  5:21  Mutalisk  
  32  5:22  Mutalisk x3  
  40  5:42  Brutalisk  
  40  6:25  Roach  
  40  6:39  Drone  
  41  6:40  Drone x7  
  41  6:41  Drone  
  41  6:47  Brutalisk  
  49  7:15  Spine Crawler  
  49  7:18  Spine Crawler  
  49  7:19  Spine Crawler  
  46  7:21  Spine Crawler  
  46  7:22  Spine Crawler  
  44  7:43  Drone x3  
  44  7:45  Roach  
  44  7:46  Roach x3  
  55  7:59  Spine Crawler  
  54  8:01  Spine Crawler x2  
  54  8:06  Spine Crawler  
  51  8:20  Roach  
  51  8:21  Roach x3  
  59  8:34  Mutalisk  
  59  8:38  Mutalisk  
  59  8:39  Mutalisk  
  57  8:54  Spine Crawler  
  56  9:02  Leviathan  
  56  9:06  Leviathan  
  56  9:07  Leviathan  
  56  10:42  Drone  
  56  10:43  Drone x5  
  62  11:20  Overlord  
  62  11:21  Overlord x5  
  62  11:22  Overlord  
  62  11:38  Infestation Pit  
  61  11:50  Hatchery  
  61  11:57  Extractor  
  59  12:00  Drone  
  59  12:01  Drone x3  
  63  12:18  Hive  
  63  12:25  Evolution Chamber  
  63  12:26  Evolution Chamber, Drone x3  
  64  12:31  Extractor  
  63  13:07  Drone  
  63  13:08  Drone x6  
  70  13:17  Zerg Ground Armor Level 1, Zerg Missile Weapons Level 1  
  70  13:24  Drone  
  70  13:25  Drone x2  
  73  13:32  Swarm Host x2  
  79  13:51  Pressurized Glands  
  79  13:57  Swarm Host x3  
  88  14:27  Swarm Host  
  88  14:28  Swarm Host x2  
  97  14:31  Swarm Host  
  100  14:46  Swarm Host  
  103  14:56  Swarm Host  
  106  15:16  Swarm Host x2  
  112  15:21  Deep Tunnel  
  112  16:07  Swarm Host  
  112  16:08  Swarm Host x3  
  112  16:09  Overlord  
  124  16:10  Overlord x2  
  124  16:55  Zerg Ground Armor Level 2, Zerg Missile Weapons Level 2  
  124  17:40  Overlord x2  
  124  17:41  Overlord x3  
  124  17:42  Swarm Host x3  
  124  17:43  Swarm Host x2  
  139  18:22  Swarm Host  
  139  18:23  Swarm Host x3  
  151  20:42  Swarm Host  
  151  20:43  Swarm Host x8  
  151  20:44  Swarm Host x3  
  151  20:45  Overlord x4  
  187  21:06  Pneumatized Carapace  
  187  21:07  Overseer x4  
  187  21:46  Swarm Host  
  187  21:47  Swarm Host x2  
  196  23:18  Zerg Missile Weapons Level 3, Zerg Ground Armor Level 3  
  196  23:19  Swarm Host  
Show
View Real Time Build Order
Export as new Build Order

LilArrin Terran 

Build Orders:  

Get SALT Encoding   

  12  0:03  SCV  
  13  0:20  SCV  
  14  0:37  SCV  
  15  0:40  Supply Depot  
  15  0:54  SCV  
  16  1:10  SCV  
  17  1:24  Command Center  
  17  1:29  SCV  
  18  1:46  SCV  
  19  1:50  Barracks  
  19  2:03  SCV  
  20  2:23  Orbital Command  
  20  2:47  Command Center  
  20  3:00  SCV  
  20  3:05  Orbital Command  
  21  3:14  Refinery  
  21  3:17  SCV  
  22  3:22  Refinery  
  22  3:33  Barracks  
  22  3:34  SCV  
  23  3:42  SCV  
  24  3:51  SCV  
  24  3:52  Engineering Bay  
  24  3:54  Orbital Command  
  24  3:59  SCV  
  26  4:01  Barracks Tech Lab  
  26  4:12  Barracks Reactor, Barracks  
  26  4:13  SCV  
  27  4:24  Supply Depot  
  27  4:27  Combat Shields  
  27  4:29  SCV  
  28  4:30  Orbital Command  
  28  4:35  Marine  
  29  4:41  Terran Infantry Weapons Level 1  
  29  4:43  SCV  
  29  4:49  Marine  
  30  4:51  Barracks Reactor  
  30  4:53  SCV  
  32  5:00  SCV  
  33  5:10  SCV  
  33  5:13  Marine  
  33  5:14  Marine, SCV  
  33  5:16  Marine  
  33  5:19  SCV  
  39  5:24  Marine x2  
  41  5:36  Marine  
  41  5:37  Marine x2  
  41  5:38  Marine, SCV  
  41  5:39  SCV  
  45  5:47  Medic, Marine  
  45  5:49  Marine x3  
  48  5:51  SCV  
  48  5:57  Medic, Marine  
  48  5:59  Marine  
  54  6:03  Marine  
  54  6:04  Marine  
  54  6:07  Marine  
  60  6:10  Marine  
  60  6:14  Medic, Supply Depot  
  60  6:16  Marine  
  60  6:17  SCV x3  
  64  6:23  Marine, Stabilizer Medpacks  
  64  6:25  Supply Depot, Marine  
  64  6:27  Marine  
  64  6:29  Marine  
  65  6:35  SCV  
  65  6:38  SCV  
  69  6:42  Supply Depot  
  69  6:44  Marine  
  69  6:45  Marine  
  69  6:49  Medic, Marine x2  
  71  7:02  Marine, Supply Depot  
  71  7:03  Marine  
  71  7:04  Marine  
  71  7:08  Marine x2  
  72  7:16  Marine x2  
  72  7:19  Supply Depot  
  76  7:21  Terran Infantry Armor Level 1  
  76  7:22  Marine x2  
  76  7:24  Marine  
  76  7:26  Marine x2  
  81  7:32  Marine x2  
  81  7:34  Marine  
  81  7:36  Marine  
  81  7:37  Marine  
  81  7:42  Marine x2  
  81  7:43  Barracks  
  81  7:44  Marine  
  81  7:47  Marine x2  
  82  7:53  Concussive Shells, Marine  
  82  7:54  Medic, Supply Depot, Marine  
  82  7:57  Marine x2  
  86  8:03  Marine  
  86  8:04  Medic, Marine  
  86  8:07  Marine x2  
  91  8:13  Marine  
  91  8:14  Medic, Marine  
  91  8:16  Supply Depot  
  91  8:17  Marine  
  96  8:21  Marine, Barracks Tech Lab  
  96  8:24  Marine x2  
  96  8:25  Medic  
  96  8:28  Marine  
  101  8:33  Marine  
  101  8:34  Marine  
  101  8:37  Marine x2  
  100  8:41  Marine  
  100  8:43  Marine  
  100  8:44  Marine x2  
  100  8:47  Marine  
  100  8:48  Medic  
  100  8:51  Marine  
  100  8:58  Marauder  
  104  9:04  Marine x2  
  104  9:09  Marine  
  106  9:10  Marine x2  
  106  9:12  Marine  
  106  9:14  Marine  
  110  9:20  Medic, Marine x2  
  110  9:23  Supply Depot  
  110  9:25  Marine, Supply Depot  
  110  9:27  Marine x2  
  115  9:30  Marine  
  115  9:33  Marine  
  115  9:39  Marine  
  119  9:42  Marine x2  
  119  9:45  Marine x2  
  119  9:48  Marine  
  119  9:49  Marine  
  118  9:56  Marauder, Marine  
  118  9:57  Marine  
  118  9:58  Supply Depot  
  118  9:59  Marauder  
  61  10:00  Marine x2  
  122  10:07  Marine x2  
  122  10:09  Marauder  
  126  10:10  Marine x2  
  126  10:11  Marine  
  126  10:17  Marine x2  
  131  10:20  Marine x2  
  131  10:21  Marine x2  
  131  10:27  Marine  
  131  10:28  Marine  
  137  10:30  Marine  
  137  10:38  Marine  
  141  11:21  Command Center  
  141  11:23  Command Center  
  141  11:38  Command Center  
  141  11:44  Engineering Bay  
  141  11:45  Factory  
  141  12:09  Command Center  
  141  12:32  Command Center  
  141  12:42  Refinery  
  141  12:46  Refinery  
  141  12:48  Medic, Marine x4, Supply Depot  
  141  12:49  Marauder, Factory Tech Lab  
  141  12:50  Supply Depot  
  141  12:53  SCV x2  
  141  12:54  Armory, Supply Depot  
  141  12:59  Marauder, Marine x2, SCV  
  156  13:10  Orbital Command  
  156  13:11  Orbital Command  
  156  13:17  Replenishable Magazine  
  156  13:20  Orbital Command  
  156  13:25  Marine  
  157  13:36  SCV  
  158  14:01  Orbital Command  
  158  14:02  Barracks  
  158  14:03  Barracks  
  158  14:04  Barracks  
  158  14:05  Terran Vehicle and Ship Weapons Level 1  
  158  14:07  Terran Infantry Weapons Level 2  
  158  14:08  Terran Infantry Armor Level 2  
  158  14:13  Orbital Command  
  158  14:17  Marine x2, Cerberus Mines  
  158  14:25  Vulture  
  162  14:35  Vulture  
  164  14:41  Barracks Tech Lab  
  164  14:42  Barracks Reactor x2  
  164  14:45  Vulture  
  166  14:55  Vulture  
  168  15:01  Marine x2  
  168  15:02  Medic, Marine  
  168  15:03  Medic, Marine  
  168  15:05  Vulture  
  178  15:16  Vulture  
  180  15:44  Marine x2  
  180  15:45  Medic  
  180  15:48  Marine x2  
  174  16:03  Barracks  
  174  16:05  Command Center, Factory Reactor  
  174  16:09  Command Center  
  173  16:10  Command Center  
  173  16:15  Command Center  
  173  16:45  Afterburners  
  173  17:19  Vulture x2  
  173  17:29  Vulture x2  
  177  17:30  Terran Infantry Weapons Level 3  
  177  17:31  Terran Infantry Armor Level 3  
  177  17:35  Marine x3  
  177  17:36  Medic x2, Marauder x2  
  177  17:37  Marine  
  193  17:52  Orbital Command x2  
  193  17:53  Orbital Command  
  193  18:29  Orbital Command  
  193  18:33  Marine x3  
  193  18:34  Marine x4  
  200  18:50  Missile Turret x2  
  200  18:58  Missile Turret  
  200  19:02  Missile Turret  
  200  19:09  Missile Turret  
  200  19:12  Missile Turret  
  200  19:38  Missile Turret  
  200  19:54  Missile Turret  
  200  20:08  Terran Vehicle and Ship Weapons Level 2  
  200  20:41  Missile Turret  
  200  20:46  Missile Turret  
  200  21:44  Barracks  
  200  21:47  Barracks  
  200  21:50  Barracks  
  200  21:52  Barracks  
  200  21:56  Barracks x3  
  200  22:00  Barracks  
  200  22:01  Barracks  
  200  22:02  Barracks  
  200  22:03  Barracks  
  200  22:04  Barracks  
  200  22:09  Barracks  
  200  22:10  Barracks  
  200  22:28  Barracks  
  200  22:33  Barracks  
  200  22:43  Orbital Command  
  200  22:57  Missile Turret  
  200  22:59  Missile Turret  
  200  23:18  Terran Vehicle And Ship Armor Level 1  
  200  23:39  Missile Turret  
  200  23:40  Missile Turret  
  200  23:51  Barracks Tech Lab  
  200  23:52  Barracks Reactor, Barracks Tech Lab  
  200  23:53  Barracks Tech Lab  
  200  23:54  Barracks Reactor x2, Barracks Tech Lab  
  200  23:55  Barracks Tech Lab x2  
  200  23:56  Barracks Reactor  
  200  23:57  Barracks Tech Lab  
  200  23:58  Barracks Reactor  
  200  23:59  Barracks Reactor  
  200  24:13  Barracks Tech Lab  
  200  24:15  Orbital Command  
  200  24:22  Missile Turret  
  200  24:24  Missile Turret  
  200  24:25  Barracks Tech Lab  
  200  24:27  Starport x2  
  200  24:29  Barracks Reactor  
  200  24:30  Starport x2  
  200  25:09  Starport  
  200  25:10  Starport  
  175  26:08  Fusion Core  
  173  26:10  Starport Tech Lab x2  
  173  26:11  Starport Tech Lab x3  
  173  26:12  Starport Tech Lab  
  153  27:12  Battlecruiser x3  
  153  27:13  Battlecruiser x3  
  189  27:55  Battlecruiser  
  195  28:35  Battlecruiser  
  197  28:43  Battlecruiser  
Tags
 
Add a new tag
Caveats
  • Supply blocks, unpowered buildings, or Contaminate may cause inaccurate times.
  • Supply counts are checked every 10 seconds.